Map: Blackpink LE

Players

fruitcake - Winner!

  • Race: Terran Terran
  • Spawn Location: 1:00

A.I. 1 (Harder)

  • Race: Protoss Protoss
  • Spawn Location: 7:00

VOD

Have the link to the VOD?

Description

Time

  • Played on: May 6, 2018, 6:58 a.m.
  • Length: 19:13
Show
View Real Time Build Order
Export as new Build Order

fruitcake Terran - Winner!

Build Orders: Bio Tank 

Get SALT Encoding   

  12  0:00  SCV  
  13  0:15  Supply Depot  
  13  0:18  SCV  
  14  0:26  Refinery  
  14  0:30  SCV  
  15  0:44  Barracks  
  15  0:52  SCV  
  16  1:04  SCV  
  17  1:24  Command Center  
  17  1:37  Marine  
  18  1:41  SCV  
  19  1:53  SCV, Factory  
  20  1:59  Marine  
  20  2:00  Refinery  
  21  2:13  SCV  
  22  2:19  Marine  
  23  2:33  Supply Depot  
  23  2:35  SCV  
  24  2:37  SCV  
  24  2:42  Marine  
  26  2:46  Factory Tech Lab, Supply Depot  
  26  2:48  SCV  
  26  2:49  SCV  
  28  3:00  SCV  
  28  3:01  SCV  
  28  3:02  Barracks Tech Lab  
  30  3:13  SCV  
  30  3:16  Barracks  
  31  3:21  Starport  
  31  3:26  SCV  
  32  3:28  SCV  
  33  3:37  Supply Depot  
  33  3:38  SCV, Marauder  
  36  3:44  Engineering Bay  
  36  3:50  SCV x2  
  38  3:56  Stimpack  
  38  4:02  SCV  
  39  4:03  Siege Tank  
  39  4:07  SCV  
  43  4:14  SCV  
  44  4:18  Refinery  
  44  4:19  SCV  
  44  4:23  Supply Depot  
  45  4:33  Barracks Reactor  
  45  4:35  Marauder  
  45  4:38  Medivac  
  49  4:42  Siege Tank  
  52  4:56  SCV  
  52  4:57  Refinery  
  52  4:58  Orbital Command  
  53  5:02  Terran Infantry Weapons Level 1  
  53  5:03  Supply Depot  
  53  5:08  SCV, Medivac  
  53  5:11  Marine  
  53  5:12  Marine, Marauder  
  60  5:27  Factory  
  60  5:29  Marine x2  
  60  5:32  SCV  
  63  5:41  SCV  
  64  5:43  Marine  
  64  5:47  Marine x2  
  67  5:51  Starport Reactor  
  67  5:57  Concussive Shells  
  67  6:02  Marauder  
  72  6:05  Marine x2  
  74  6:20  Command Center  
  74  6:23  Marine x2, Marauder  
  74  6:24  Factory Reactor  
  78  6:28  Siege Tank  
  78  6:31  Factory Tech Lab  
  78  6:40  Supply Depot  
  78  6:43  Marine x2  
  78  6:44  SCV  
  78  6:45  Marauder  
  83  6:47  Supply Depot  
  83  6:56  SCV x2  
  85  7:01  Marine x2  
  85  7:06  Marauder  
  85  7:08  SCV x2  
  90  7:12  Sensor Tower  
  90  7:15  Supply Depot  
  91  7:19  Marine x2, Refinery  
  91  7:20  SCV  
  91  7:22  Terran Infantry Armor Level 1  
  94  7:27  Marauder  
  96  7:35  Medivac  
  98  7:37  Marine x2  
  100  7:44  Refinery  
  100  7:49  Marauder  
  100  7:50  SCV  
  103  7:53  SCV  
  103  7:54  Marine x2  
  103  7:55  SCV  
  107  8:02  SCV  
  107  8:03  Combat Shields  
  107  8:05  SCV  
  109  8:06  Supply Depot  
  109  8:07  SCV  
  109  8:08  Medivac  
  109  8:10  Medivac, Marauder  
  109  8:12  Marine x2  
  116  8:14  SCV  
  116  8:17  SCV  
  116  8:19  Supply Depot  
  120  8:27  Siege Tank  
  120  8:29  Siege Tank  
  120  8:30  Marine x2  
  120  8:31  Marauder  
  130  8:44  SCV  
  130  8:46  SCV  
  130  8:48  Marine x2  
  133  8:53  Marauder  
  137  8:56  SCV  
  137  8:57  Orbital Command  
  137  9:02  Siege Tank  
  140  9:06  Marine  
  140  9:08  Supply Depot  
  141  9:13  Supply Depot  
  141  9:30  Marine x3, Siege Tank  
  147  9:31  Supply Depot  
  147  9:34  Siege Tank  
  147  9:37  Supply Depot  
  150  9:59  Marauder  
  152  10:21  Marine x2  
  152  10:22  Marauder  
  152  10:24  Command Center  
  156  10:33  Supply Depot  
  156  10:35  Building Armor  
  156  10:39  Marine x2  
  158  10:43  Marauder  
  158  10:47  Command Center, Siege Tank  
  163  10:56  Armory, Supply Depot  
  163  10:57  Marine x2  
  165  11:05  Marauder  
  167  11:14  Sensor Tower  
  167  11:15  Marine x2  
  167  11:18  Supply Depot  
  169  11:19  Siege Tank  
  169  11:23  SCV x2  
  174  11:25  Sensor Tower  
  174  11:26  Marauder  
  174  11:28  Siege Tank  
  179  11:32  Marine  
  179  11:33  Marine  
  179  11:36  Supply Depot  
  181  11:47  Marauder  
  181  11:49  Refinery  
  181  11:50  Marine  
  181  11:51  Siege Tank  
  181  11:52  Refinery  
  187  11:55  Marine  
  187  11:58  Medivac  
  187  11:59  Medivac  
  187  12:00  Siege Tank  
  195  12:01  Terran Vehicle Weapons Level 1  
  195  12:08  Marine  
  195  12:09  Marauder  
  195  12:13  Marine  
  195  12:15  Terran Infantry Weapons Level 2  
  199  12:20  Missile Turret  
  199  12:23  Refinery  
  199  12:26  Marine  
  200  12:48  Refinery  
  200  12:57  Missile Turret  
  200  12:58  Sensor Tower  
  183  13:55  Terran Vehicle Weapons Level 2  
  182  14:26  Marine x2  
  182  14:27  Marauder  
  182  14:28  Medivac x2  
  182  14:30  Terran Infantry Armor Level 2  
  190  14:48  Marauder  
  191  14:58  Medivac x2  
  190  15:15  Marine x2  
  190  15:16  Marauder  
  194  15:22  SCV  
  194  15:28  Medivac x2  
  199  15:33  Marine  
  200  16:21  Terran Vehicle Weapons Level 3  
  192  17:14  Fusion Core, Command Center  
  192  17:54  SCV  
  193  18:06  SCV  
  194  18:18  SCV  
Show
View Real Time Build Order
Export as new Build Order

A.I. 1 (Harder) Protoss 

Build Orders: 1 Gate Expand 

Get SALT Encoding   

  12  0:00  Probe  
  13  0:13  Probe  
  14  0:21  Pylon  
  14  0:25  Probe  
  15  0:35  Probe  
  16  0:43  Probe  
  17  0:51  Gateway  
  17  1:08  Probe  
  17  1:10  Nexus  
  18  1:27  Pylon  
  18  1:30  Assimilator  
  18  1:38  Zealot  
  20  1:41  Cybernetics Core  
  20  1:42  Probe  
  21  1:54  Probe  
  22  2:05  Gateway  
  22  2:07  Probe  
  23  2:09  Stalker  
  23  2:12  Assimilator  
  23  2:20  Pylon, Probe  
  26  2:34  Probe  
  27  2:37  Adept  
  27  2:42  Warp Gate  
  29  2:52  Stalker, Probe  
  29  2:54  Probe  
  33  3:02  Probe  
  33  3:04  Adept, Probe  
  36  3:12  Probe  
  37  3:16  Probe  
  39  3:24  Gateway, Probe  
  40  3:28  Zealot  
  42  3:40  Stalker  
  44  3:51  Pylon  
  44  3:55  Stalker  
  46  4:00  Probe  
  47  4:04  Probe  
  47  4:06  Robotics Facility  
  47  4:07  Sentry  
  50  4:18  Assimilator  
  50  4:19  Probe  
  50  4:21  Probe  
  52  4:28  Pylon  
  52  4:31  Probe  
  53  4:33  Probe  
  53  4:37  Forge  
  54  4:43  Probe  
  54  4:45  Probe  
  56  4:55  Zealot, Probe  
  59  5:01  Probe  
  59  5:02  Pylon  
  59  5:05  Probe  
  60  5:08  Immortal  
  60  5:10  Protoss Ground Weapons Level 1  
  60  5:13  Probe  
  66  5:16  Probe  
  66  5:19  Zealot  
  69  5:24  Probe  
  69  5:25  Pylon  
  70  5:29  Probe  
  70  5:32  Zealot, Probe  
  74  5:43  Probe  
  74  5:44  Stalker  
  74  5:47  Probe  
  78  5:50  Pylon  
  78  5:55  Probe  
  78  5:56  Stalker  
  81  6:01  Twilight Council  
  81  6:08  Stalker, Probe  
  81  6:09  Assimilator  
  84  6:13  Pylon  
  84  6:20  Stalker  
  86  6:27  Probe  
  86  6:30  Blink  
  86  6:31  Probe  
  86  6:32  Photon Cannon, Observer, Sentry  
  91  6:36  Pylon  
  91  6:42  Photon Cannon  
  91  6:45  Pylon  
  91  6:46  Immortal  
  91  6:47  Pylon  
  95  6:54  Stargate  
  95  6:58  Protoss Ground Armor Level 1  
  95  7:00  Forge  
  95  7:09  Photon Cannon  
  95  7:14  Photon Cannon  
  95  7:22  Immortal  
  99  7:59  Observer  
  100  8:41  Protoss Ground Armor Level 2  
  100  8:45  Protoss Ground Weapons Level 2  
  100  8:56  Warp Prism, Sentry  
  100  8:57  Oracle  
  100  9:01  Gateway  
  107  9:02  Sentry  
  107  9:04  Pylon  
  107  9:05  Nexus  
  107  9:09  Sentry  
  111  9:19  Sentry  
  113  9:25  Pylon  
  113  9:32  Observer  
  114  9:46  Protoss Air Weapons Level 1  
  114  9:53  Warp Prism  
  116  10:17  Probe  
  116  10:18  Probe x2  
  119  10:27  Assimilator  
  119  10:29  Warp Prism  
  119  10:30  Probe  
  119  10:31  Probe x2  
  119  10:32  Assimilator  
  124  10:39  Protoss Shields Level 1  
  124  10:42  Probe  
  125  10:43  Probe  
  126  11:20  Protoss Air Armor Level 1  
  126  12:14  Nexus  
  126  12:24  Protoss Shields Level 2  
  126  12:56  Void Ray  
  130  13:07  Pylon  
  130  13:29  Pylon  
  130  13:34  Zealot  
  121  13:36  Fleet Beacon, Assimilator  
  121  13:38  Zealot, Pylon  
  121  13:39  Pylon  
  77  13:42  Zealot, Assimilator  
  77  13:45  Void Ray, Robotics Facility  
  77  13:46  Zealot  
  77  13:48  Stargate  
  81  13:51  Stalker, Robotics Bay  
  81  13:53  Gateway  
  83  13:56  Templar Archives  
  83  13:58  Stalker  
  89  14:03  Stalker  
  89  14:06  Immortal  
  89  14:07  Stalker  
  95  14:10  Probe x3  
  95  14:11  Probe  
  95  14:12  Photon Cannon, Stalker  
  95  14:15  Gateway  
  80  14:18  Photon Cannon, Void Ray  
  80  14:21  Zealot  
  80  14:22  Pylon, Probe  
  80  14:23  Probe x2  
  53  14:25  Robotics Facility  
  53  14:26  Stalker  
  53  14:30  Stalker  
  60  14:34  Zealot  
  60  14:35  Probe  
  60  14:36  Probe  
  60  14:38  Pylon  
  61  14:41  Stalker  
  50  14:47  Zealot, Probe  
  50  14:48  Probe, Nexus  
  50  14:52  Stalker  
  46  14:55  Assimilator  
  46  14:56  Sentry  
  46  14:59  Probe  
  35  15:00  Probe  
  35  15:01  Twilight Council  
  35  15:03  Robotics Bay  
  35  15:04  Stalker  
  35  15:06  Stalker, Immortal  
  39  15:11  Fleet Beacon, Probe  
  30  15:22  Nexus  
  30  15:23  Probe  
  31  15:35  Probe  
  32  15:41  Warp Prism  
  32  15:43  Templar Archives  
  34  15:53  Pylon  
  34  15:57  Probe  
  34  16:09  Probe  
  10  16:44  Pylon  
  4  17:04  Nexus  
  4  17:15  Nexus  
  4  17:24  Nexus  
  4  17:32  Assimilator  
  4  18:02  Pylon  
  3  18:13  Probe  
Tags
 
Add a new tag
Caveats
  • Supply blocks, unpowered buildings, or Contaminate may cause inaccurate times.
  • Supply counts are checked every 10 seconds.